 Dungeon Crawl Stone Soup version 0.31.0-4-g52a2dc7128 (webtiles) character file.

Game seed: 2480979273696842993

40 stipulation the Ruffian (level 3, -2/31 HPs)
             Began as a Ghoul Monk on Jan 21, 2024.
             Slain by a ribbon worm (3 damage)
             ... on level 2 of the Dungeon.
             The game lasted 00:00:49 (1203 turns).

stipulation the Ruffian (Ghoul Monk)                Turns: 1203, Time: 00:00:50

Health: -2/31      AC:  2    Str: 16    XL:     3   Next: 50%
Magic:  3/3        EV: 12    Int:  9    God:
Gold:   128        SH:  0    Dex: 11    Spells: 2/2 levels left

rFire   . .          .
                       - Unarmed
rCold   + . .        c - orb {light}
rNeg    + + +        a - +0 robe
rPois   ∞            (no helmet)
rElec   .            (no cloak)
rCorr   .            (no gloves)
SInv    .            (no boots)
Will    .....        (no amulet)
Stlth   +            (no ring)
HPRegen 0.00/turn    (no ring)
MPRegen 0.08/turn

%: no passive effects
@: inhibited regen, glowing
A: claws 1, cold resistance 1, negative energy resistance 3, inhibited
regeneration, torment resistance 2, devour on kill
a: no special abilities


You were on level 2 of the Dungeon.
You visited 1 branch of the dungeon, and saw 2 of its levels.

You collected 128 gold pieces.

Inventory:

Armour
 a - a +0 robe (worn)
 c - an orb of light (worn)
Scrolls
 d - a scroll of vulnerability {unknown}
 i - a scroll of torment {unknown}
 j - a scroll of amnesia {unknown}
 k - a scroll of identify {unknown}
 l - a scroll of fear {unknown}
Potions
 b - a potion of ambrosia
 e - a potion of might {unknown}
 f - a potion of mutation {unknown}
 g - a potion of brilliance {unknown}
 h - 2 potions of heal wounds {unknown}


   Skills:
 - Level 3.2 Fighting
 - Level 2.6 Dodging
 + Level 4.9 Unarmed Combat


You had 2 spell levels left.
You didn't know any spells.
Your spell library contained the following spells:

 Spells                   Type           Power      Damage    Failure   Level
 Summon Ice Beast         Ice/Summ       0%         N/A       77%         3
 Summon Mana Viper        Hex/Summ       0%         N/A       100%        5
 Monstrous Menagerie      Summ           0%         N/A       100%        7


Dungeon Overview and Level Annotations

Branches:
Dungeon (2/15)

Altars:


Innate Abilities, Weirdness & Mutations

You are immune to poison.
You have sharp fingernails.
Your flesh is cold resistant. (rC+)
You are immune to negative energy. (rN+++)
You do not regenerate when monsters are visible.
You are immune to unholy pain and torment.
You thrive by killing the living.


Message History

You claw the kobold!
You kill the kobold!
You feel better. The goblin closely misses you.
The goblin hits you but does no damage.
The ribbon worm expels a string of sticky webbing.
The stream of webbing hits you but does no damage.
You are caught in a web!
There is a web here.
Things that are here:
a +0 short sword; a kobold corpse The web tears apart.
The goblin hits you with a +0 dagger. The ribbon worm completely misses you.
The goblin barely misses you. The goblin barely misses you.
The ribbon worm bites you.
You scratch the goblin.
The goblin is severely wounded.
The goblin hits you with a +0 dagger.
You scratch the goblin.
You kill the goblin!
The ribbon worm closely misses you. The ribbon worm bites you.
* * * LOW HITPOINT WARNING * * *
You see here a +0 dagger.
The ribbon worm expels a string of sticky webbing.
The stream of webbing hits you but does no damage.
You are caught in a web!
There is a web here.
You see here a ball python corpse.
The web tears apart.
The ribbon worm bites you!
* * * LOW HITPOINT WARNING * * *
You see here a +0 dagger.
The ribbon worm barely misses you.
You scratch the ribbon worm.
The ribbon worm is lightly wounded.
The ribbon worm expels a string of sticky webbing.
The stream of webbing hits you but does no damage.
You are caught in a web!
The web tears apart.
The ribbon worm bites you.
You die...

############# #
#<........... #.
#.##...##########.
###.####..........†......
.......####...###########
....... #...######
....... #........#
.......####........###
.........@#..)........
###......w#...........
#......)).#.##........
#......†..#.##........
#.........#.##........
#...........##........
#....################.
#.... #....


You could see a ribbon worm (catching breath).

Vanquished Creatures
  A dart slug (D:2)
  4 ball pythons
  2 endoplasms
  A giant cockroach (D:1)
  3 goblins
  5 hobgoblins
  4 jackals (D:1)
  4 kobolds
  2 quokkas (D:1)
  3 bats (D:1)
  2 frilled lizards (D:1)
  2 rats (D:1)
33 creatures vanquished.

Notes
Turn   | Place    | Note
-------+----------+-------------------------------------------
     0 | D:1      | stipulation the Ghoul Monk began the quest for the Orb.
     0 | D:1      | Reached XP level 1. HP: 19/19 MP: 1/1
   272 | D:1      | Reached XP level 2. HP: 26/26 MP: 2/2
   371 | D:1      | Reached skill level 4 in Unarmed Combat
   562 | D:1      | Reached XP level 3. HP: 24/31 MP: 3/3
  1199 | D:2      | HP: 1/31 [ribbon worm (7)]
  1203 | D:2      | Slain by a ribbon worm

Illustrated notes

Levels and vault maps discovered:
D:1:      dpeg_arrival_lava_temple_mockup, layout_loops_corners, minivault_4,
          corexii_leaking_fountain, wander_ebering_terrifying_dragon_lair
D:2:      layout_basic, serial_shops, nicolae_shop_statue_plus

Skill      XL: |  1  2 |
---------------+-------+-----
Unarmed Combat | 4 |  4.9
Fighting       | |  3.2
Dodging        | |  2.6

Action                     || total
---------------------------++-------
  Melee: Unarmed           ||    85
 Armour: Robe              ||    52
  Dodge: Dodged            ||    57
